Arabia
506886207Analyzed1v1 RM
·
16d ago on Sep 15, 2026·
28m 27s·
2 players
Game mode
Random Map
Map size
Tiny (2 player)
Population
200
Speed
Normal
Resources
Standard
Victory
Conquest
Starting age
Dark Age
Ending age
Imperial Age
RankedLock teamsTeams togetherTeam positionsShared explorationLock speedFull tech treeHidden civsTurbo modeCheats
Victory
Defeat
Replay analysis
Drakhazarian
3:35
Double-Bit Axe
5:57
Loom
9:45
Feudal Age
12:10
Horse Collar
15:14
Wheelbarrow
15:10
Heavy Plow
15:21
Bow Saw
17:52
Gold Mining
18:39
Hand Cart
22:23
Castle Age
20:41
Stone Mining
22:52
Stone Shaft Mining
22:53
Gold Shaft Mining
23:09
Forging
23:25
Husbandry
22:57
Cavalier
27:15
Iron Casting
28:33
Scale Barding Armor
Moye Moye
9:58
Feudal Age
9:27
Loom
11:59
Double-Bit Axe
22:18
Horse Collar
25:43
Castle Age
24:18
Scale Barding Armor
24:53
Forging
25:44
Town Watch
26:27
Scale Mail Armor
26:16
Pikeman